 Dungeon Crawl Stone Soup version 0.30-a0-341-g682706514a (webtiles) character file.

Game seed: 16342885769499203258

20094 jlumianski the Cleaver (level 12, -9/94 HPs)
             Began as a Demonspawn Fighter on Nov 1, 2022.
             Was an Elder of Qazlal.
             Mangled by a very large slime creature (48 damage)
             ... on level 12 of the Dungeon.
             The game lasted 01:13:42 (13867 turns).

jlumianski the Cleaver (Demonspawn Fighter)        Turns: 13867, Time: 01:13:42

Health: -9/94      AC: 19    Str: 24    XL:     12   Next: 42%
Magic:  18/18      EV: 12    Int: 10    God:    Qazlal [****..]
Gold:   111        SH: 10    Dex: 13    Spells: 11/11 levels left

rFire   + . .      SeeInvis .    D - +4 war axe
rCold   . . .      Faith    .    c - +0 buckler
rNeg    . . .      Spirit   .    B - +0 swamp dragon scales
rPois   +          Reflect  .    (helmet restricted)
rElec   .          Harm     .    i - +2 cloak
rCorr   +          Rampage  .    m - +2 pair of gloves
Will    .....                    L - +2 pair of boots "Ecyqem" {rF+ Str+3}
Stlth   +.........               (no amulet)
HPRegen 0.35/turn                N - +4 ring of slaying
MPRegen 0.16/turn                g - ring of resist corrosion

@: repel missiles
A: claws 1, hooves 2, horns 1, foul stench 2, powered by pain 2
a: Renounce Religion, Upheaval, Elemental Force


You were on level 12 of the Dungeon.
You worshipped Qazlal.
Qazlal was greatly pleased with you.
You visited 2 branches of the dungeon, and saw 14 of its levels.
You also visited: Sewer.

You collected 893 gold pieces.
You spent 782 gold pieces at shops.

Inventory:

Hand Weapons
 h - a +2 flail of draining
 y - the +5 dagger "Callear" {freeze, Drain Will+ Str-5 Int+6}
   (You found it on level 11 of the Dungeon)

   It freezes those it strikes, dealing additional cold damage.
   It can also slow down cold-blooded creatures.
   Str:       It affects your strength (-5).
   Int:       It affects your intelligence (+6).
   Drain:     It drains your maximum health when unequipped.
   Will:      It increases your willpower.
 D - a +4 war axe (weapon)
 T - the +6 rapier of Ashenzari's Grace {speed, +Blink rC+ Str+3}
   (You found it on level 12 of the Dungeon)

   Attacks with this weapon are significantly faster.
   Str:       It affects your strength (+3).
   rC:        It protects you from cold.
   +Blink:    It lets you blink.
Missiles
 a - 3 boomerangs of dispersal
 f - 12 boomerangs
 n - 15 javelins
 M - 28 poisoned darts (quivered)
Armour
 c - a +0 buckler (worn)
 i - a +2 cloak (worn)
 m - a +2 pair of gloves (worn)
 B - +0 swamp dragon scales (worn)
 L - the +2 pair of boots "Ecyqem" (worn) {rF+ Str+3}
   (You bought it in a shop on level 5 of the Dungeon)

   Str:       It affects your strength (+3).
   rF:        It protects you from fire.
Magical Staves
 u - a staff of earth
Jewellery
 g - a ring of resist corrosion (right hand)
 s - a ring of ice
 v - a ring of ice
 A - a ring of protection from cold
 J - a ring of fire
 N - a +4 ring of slaying (left hand)
Wands
 l - a wand of flame (47)
 t - a wand of roots (4)
 w - a wand of mindburst (25)
 O - a wand of charming (5)
Scrolls
 o - 2 scrolls of fear
 r - 2 scrolls of amnesia
 E - a scroll of enchant weapon
 G - 2 scrolls of butterflies
 H - 3 scrolls of identify
 I - 2 scrolls of magic mapping
 Q - 2 scrolls of poison
 R - 3 scrolls of teleportation
Potions
 b - 2 potions of brilliance
 d - 7 potions of might
 e - 3 potions of haste
 j - a potion of invisibility
 k - 3 potions of heal wounds
 p - a potion of flight
 x - a potion of berserk rage
 z - a potion of lignification
 C - 7 potions of curing
 F - 2 potions of resistance
 K - 3 potions of attraction
 P - a potion of cancellation
Miscellaneous
 q - a box of beasts
 S - a phantom mirror


   Skills:
 + Level 8.3 Fighting
 + Level 11.3 Axes
 + Level 1.7 Throwing
 + Level 7.3 Armour
 + Level 5.1 Dodging
 + Level 1.4 Stealth
 + Level 5.8 Shields
 * Level 9.2 Invocations
 * Level 7.3 Evocations


You had 11 spell levels left.
You didn't know any spells.
Your spell library contained the following spells:

 Spells                   Type           Power      Damage    Failure   Level
 Apportation              Tloc           0%         N/A       56%         1
 Necrotise                Necr           0%         1d4       56%         1
 Summon Small Mammal      Summ           0%         N/A       56%         1
 Passwall                 Tmut/Erth      0%         N/A       71%         2
 Scorch                   Fire           0%         2d5       71%         2
 Dazzling Flash           Conj/Hex       0%         N/A       91%         3
 Ignite Poison            Fire/Tmut/Pois 0%         N/A       91%         3
 Agony                    Necr           0%         N/A       100%        5
 Silence                  Hex/Air        0%         N/A       100%        5
 Eringya's Noxious Bog    Tmut/Pois      0%         N/A       100%        6
 Storm Form               Tmut/Air       0%         N/A       100%        7


Dungeon Overview and Level Annotations

Branches:
Dungeon (13/15)            Temple (1/1) D:5            Lair (0/5) D:8
    Orc (0/2) D:11          Sewer (visited)
 Vaults: D:13-14

Altars:
Dithmenos
Fedhas
Gozag
Hepliaklqana
Kikubaaqudgha
Makhleb
Okawaru
Qazlal
Ru
Sif Muna
Trog
Uskayaw
Vehumet
Wu Jian
Xom

Shops:
D:5 *   D:7 :=   D:8 =   D:11 !

Annotations:
D:4 1 runed translucent door, koil's ghost, amateur SpHu
D:13 Azrael


Innate Abilities, Weirdness & Mutations

You have sharp fingernails.
You have hoof-like feet.
You have a pair of small horns on your head.
You sometimes emit foul miasma when damaged in melee.
You sometimes gain power by taking damage.


Message History

The hell hound breathes flames at you. The blast of flame hits you. You resist.
The blast of flame hits the hell hound.
The hell hound completely resists.
You barely miss the hell hound. You headbutt the hell hound!
You kill the hell hound!
Qazlal accepts your kill.
You slash the hell hound!
The hell hound bites you but does no damage.
The hell hound attacks as you move away!
The hell hound bites you but does no damage. x2
Things that are here:
a hell hound corpse; a hell hound corpse You slash the hell hound!
You kill the hell hound!
Qazlal accepts your kill.
The slime creature hits you but does no damage.
You slice the slime creature!!
The slime creature is moderately wounded.
The slime creature hits you but does no damage.
Two slime creatures merge to form a large slime creature.
You slice the large slime creature!!
The large slime creature is moderately wounded.
You slash the large slime creature!
The large slime creature is heavily wounded.
You slash the large slime creature! You headbutt the large slime creature.
The large slime creature is severely wounded.
The large slime creature misses you.
Two slime creatures merge to form a very large slime creature.
You barely miss the very large slime creature.
You headbutt the very large slime creature.
The very large slime creature is heavily wounded.
You slice the very large slime creature!!
The very large slime creature is heavily wounded.
The very large slime creature hits you!!
You hit the very large slime creature but do no damage.
You headbutt the very large slime creature!
The very large slime creature is severely wounded.
The very large slime creature hits you!!!
Ouch! That really hurt!
You die...

#.# #.#
###.#
#.#
....#
#.#
#####
#.#
#>#####
#.....#
#####.#
#J# #@#
#†# #>#
#.# #.#
#### #)#
...# #.#
.#.# #.#
.#.#####
#.#


You could see a very large slime creature.

Vanquished Creatures
  Josephine (D:9)
  A centaur warrior (D:12)
  A death drake (shapeshifter) (D:8)
  A wizard (D:12)
  A deep elf pyromancer (D:13)
  A cyclops (D:13)
  2 manticores
  Maggie (D:6)
  A kobold demonologist (D:11)
  3 unseen horrors
  A komodo dragon (D:8)
  A troll (D:12)
  A troll (shapeshifter) (D:13)
  5 large abominations (D:11)
  A hornet (D:9)
  3 slime creatures (D:12)
  7 small abominations
  21 yaks
  2 fire elementals (D:11)
  5 wraiths
  3 vampire mosquitoes
  Menkaure (D:7)
  2 acid dragons
  A water moccasin (D:5)
  3 hell hounds (D:12)
  5 black bears
  8 orc warriors
  A sky beast (D:6)
  2 ice beasts (D:8)
  An ogre (D:4)
  A phantom (D:5)
  8 centaurs
  6 kobold brigands
  4 bullfrogs
  A gnoll sergeant (D:8)
  3 scorpions
  A necrophage (D:7)
  4 wights (D:7)
  6 killer bees (D:10)
  8 howler monkeys
  3 hounds
  A jelly (D:4)
  2 gnoll boudas
  9 orc priests
  6 iguanas
  8 orc wizards
  8 gnolls
  11 adders
  A river rat (Sewer)
  A shadow imp (D:8)
  2 white imps
  6 worms
  7 dart slugs
  54 orcs
  11 ball pythons
  8 endoplasms
  5 giant cockroaches
  5 goblins
  6 hobgoblins
  3 jackals (D:4)
  A quokka (D:1)
  6 bats
  4 frilled lizards (D:1)
  20 kobolds
  9 rats
326 creatures vanquished.

Vanquished Creatures (collateral kills)
  A wizard (D:11)
  A yak (D:9)
  A wraith (D:9)
3 creatures vanquished.

Vanquished Creatures (others)
  A wizard (D:11)
  12 plants (D:8)
13 creatures vanquished.

Grand Total: 342 creatures vanquished

Notes
Turn   | Place    | Note
-------+----------+-------------------------------------------
     0 | D:1      | jlumianski the Demonspawn Fighter began the quest for the
                  | Orb.
     0 | D:1      | Reached XP level 1. HP: 18/18 MP: 1/1
     6 | D:1      | Noticed a komodo dragon
     6 | D:1      | Noticed a ragged hierophant
     7 | D:1      | Noticed a hell rat
     7 | D:1      | Noticed an ettin
   273 | D:1      | Discovered your monstrous ancestry.
   273 | D:1      | Gained mutation: You have a pair of small horns on your
                  | head. [demonic ancestry]
   273 | D:1      | Reached XP level 2. HP: 24/24 MP: 2/2
   350 | D:1      | Reached skill level 2 in Axes
   980 | D:3      | Gained mutation: You have sharp fingernails. [demonic
                  | ancestry]
   980 | D:3      | Reached XP level 3. HP: 28/29 MP: 3/3
  1066 | D:4      | Found a bloodstained altar of Trog.
  1066 | D:4      | Found a burning altar of Makhleb.
  1077 | D:3      | Reached skill level 3 in Axes
  1077 | D:3      | Gained mutation: You have large cloven feet. [demonic
                  | ancestry]
  1077 | D:3      | Reached XP level 4. HP: 17/35 MP: 4/4
  2243 | D:3      | Upgraded the game from 0.30-a0-339-g89bb51ec76 to
                  | 0.30-a0-341-g682706514a
  2245 | D:4      | Noticed an ogre
  2246 | D:4      | Found an ornate altar of the Wu Jian Council.
  2277 | D:4      | Gained mutation: You sometimes gain a little power by
                  | taking damage. [demonic ancestry]
  2277 | D:4      | Reached XP level 5. HP: 21/42 MP: 5/5
  2394 | D:4      | Found a runed translucent door.
  2394 | D:4      | Noticed koil's ghost (amateur SpHu)
  2541 | D:5      | Entered Level 5 of the Dungeon
  2652 | D:4      | Noticed an ogre
  2659 | D:4      | Killed an ogre
  2660 | D:4      | Reached skill level 4 in Axes
  2660 | D:4      | Gained mutation: You may rarely emit foul miasma when
                  | damaged in melee. [demonic ancestry]
  2660 | D:4      | Reached XP level 6. HP: 48/48 MP: 6/6
  3157 | D:6      | Reached skill level 1 in Dodging
  3237 | D:6      | Noticed Maggie
  3250 | D:6      | HP: 1/48 [Maggie/bolt of fire (31)]
  3254 | D:6      | Killed Maggie
  3255 | D:6      | Reached skill level 5 in Axes
  3255 | D:6      | Reached skill level 1 in Throwing
  3255 | D:6      | Reached skill level 1 in Stealth
  3255 | D:6      | Gained mutation: You sometimes emit foul miasma when
                  | damaged in melee. [demonic ancestry]
  3255 | D:6      | Reached XP level 7. HP: 12/55 MP: 7/7
  3423 | D:6      | Reached skill level 6 in Axes
  3525 | D:6      | Found a glowing drain.
  3530 | Sewer    | Entered a sewer
  3540 | Sewer    | Reached XP level 8. HP: 61/61 MP: 8/8
  4106 | Sewer    | Reached skill level 5 in Fighting
  4371 | D:6      | Reached skill level 7 in Axes
  4496 | D:5      | Found Nuwkatew's General Store.
  4527 | D:5      | Found a radiant altar of Vehumet.
  4550 | D:5      | Found a staircase to the Ecumenical Temple.
  4566 | Temple   | Entered the Ecumenical Temple
  4608 | Temple   | Became a worshipper of Qazlal Stormbringer
  4933 | D:6      | Reached skill level 5 in Armour
  4933 | D:6      | Reached skill level 1 in Invocations
  4933 | D:6      | Reached skill level 1 in Evocations
  5240 | D:7      | Found Seorun's Jewellery Shoppe.
  5251 | D:7      | Bought a ring of resist corrosion for 260 gold pieces
  5476 | D:7      | Reached XP level 9. HP: 36/67 MP: 8/10
  5555 | D:7      | Found Yzolong's Vocational Training.
  5660 | D:7      | Noticed Menkaure
  5668 | D:7      | Killed Menkaure
  5800 | D:7      | Reached * piety under Qazlal
  6094 | D:7      | Reached skill level 8 in Axes
  6470 | D:8      | Noticed a death drake
  6486 | D:8      | Killed a death drake
  6545 | D:8      | Reached skill level 5 in Invocations
  6635 | D:8      | Gained mutation: You sometimes gain power by taking damage.
                  | [demonic ancestry]
  6635 | D:8      | Reached XP level 10. HP: 60/76 MP: 13/13
  6727 | D:9      | Found an iron altar of Okawaru.
  6733 | D:8      | Reached ** piety under Qazlal
  6766 | D:8      | Reached skill level 9 in Axes
  6994 | D:8      | Found Dutenwos's Jewellery Boutique.
  7067 | D:8      | Found a staircase to the Lair.
  7501 | D:10     | Entered Level 10 of the Dungeon
  7509 | D:10     | Noticed Josephine
  8365 | D:9      | Reached *** piety under Qazlal
  8545 | D:9      | Reached skill level 5 in Evocations
  8555 | D:9      | Killed Josephine
  8556 | D:9      | Reached skill level 10 in Axes
  8556 | D:9      | Reached XP level 11. HP: 12/84 MP: 14/16
  9947 | D:11     | Reached skill level 5 in Shields
 10723 | D:11     | Identified the +5 dagger "Callear" {freeze, Drain Will+
                  | Str-5 Int+6}
 10736 | D:12     | Noticed a centaur warrior
 10749 | D:12     | Killed a centaur warrior
 10777 | D:11     | Found Sotaew's Distillery.
 10888 | D:11     | Noticed a wizard
 10889 | D:11     | Noticed a wizard
 10894 | D:11     | Killed a wizard
 10894 | D:11     | Killed a wizard
 11392 | D:12     | You fall into a shaft and drop 1 floor!
 11801 | D:13     | Noticed a deep elf pyromancer
 11805 | D:13     | Killed a deep elf pyromancer
 12018 | D:11     | Found a staircase to the Orcish Mines.
 12157 | D:5      | Bought the +2 pair of boots "Ecyqem" {rF+ Str+3} for 522
                  | gold pieces
 12788 | D:12     | Noticed a wizard
 12801 | D:12     | Killed a wizard
 12802 | D:12     | Gained mutation: You have hoof-like feet. [demonic
                  | ancestry]
 12802 | D:12     | Reached XP level 12. HP: 88/92 MP: 18/18
 13079 | D:11     | Reached skill level 5 in Dodging
 13093 | D:11     | Reached skill level 11 in Axes
 13521 | D:11     | Reached **** piety under Qazlal
 13555 | D:12     | Got the Directory of the Metamorphic Summer
 13558 | D:12     | Identified the +6 rapier of Ashenzari's Grace {speed,
                  | +Blink rC+ Str+3}
 13848 | D:13     | Noticed Azrael
 13867 | D:12     | Mangled by a very large slime creature

Illustrated notes

Levels and vault maps discovered:
D:1:      onia_arrival_zoo_common, layout_loops_ring, minivault_4,
          hangedman_abyss_or_decor_stabs
D:2:      minmay_inner_zag, layout_basic, minmay_misc_feat_encased,
          amethyst_killhole
D:3:      layout_basic
D:4:      nicolae_cairo_tiling, layout_basic, grunt_temple_overflow_open,
          gammafunk_ghost_grave
D:5:      layout_rooms, nicolae_vehumet_radiance, minmay_temple_entry_ruins,
          serial_shops, nicolae_shop_statue_plus, supply_closet_lemuel
D:6:      layout_loops_ring, gup_sewer_entry_bowl, uniq_maggie
D:7:      layout_gridville, serial_shops, nicolae_shop_waterfront,
          nicolae_shop_vocational, uniq_menkaure
D:8:      minmay_opposing_rooms, layout_basic, david_lair_shrubbed,
          serial_shops, nicolae_shop_statue_plus
D:9:      layout_stronghold, good_gods_mini_temple, okawaru_trees_1,
          minmay_hedge_maze, st_stairs_8
D:10:     layout_cross, uniq_josephine
D:11:     cheibrodos_lost_city_excavation, layout_cave_pools, david_orc_4,
          serial_shops, nicolae_shop_advertising_works
          [nicolae_subvault_shop_adworks]
D:12:     layout_loops_ring, laboratory
D:13:     layout_roguey, uniq_azrael
Temple:   eino_narrow_crystal_temple

Skill      XL: |  1  2  3  4  5  6  7  8  9 10 11 12 |
---------------+-------------------------------------+-----
Axes           | 2 3 4 5 6 7 8 10 11 | 11.3
Armour         | 3 4 5 6 7 |  7.3
Shields        | 3 4 5 |  5.8
Fighting       | 4 5 6 7 8 |  8.3
Dodging        | 1 3 4 5 |  5.1
Throwing       | 1 |  1.7
Stealth        | 1 |  1.4
Invocations    | 2 5 6 8 9 |  9.2
Evocations     | 1 3 5 6 7 |  7.3

Action                   |  1- 3 |  4- 6 |  7- 9 | 10-12 || total
-------------------------+-------+-------+-------+-------++-------
Melee: War axe           |    73 |   114 |   239 |   371 ||   797
       Headbutt          |     7 |    11 |    39 |    84 ||   141
       Kick              |       |    27 |    67 |    88 ||   182
Throw: Javelin           |       |     1 |     3 |       ||     4
       Dart              |       |       |       |     6 ||     6
Invok: Elemental Force   |       |       |       |     3 ||     3
Evoke: Wand              |       |     1 |     2 |     1 ||     4
  Use: Scroll            |       |     9 |    14 |     7 ||    30
       Potion            |       |     1 |     3 |     3 ||     7
Armor: Scale mail        |    47 |    50 |       |       ||    97
       Chain mail        |       |    15 |    27 |       ||    42
       Swamp dragon scal |       |       |    96 |   234 ||   330
Dodge: Dodged            |    29 |    55 |   115 |   249 ||   448
Block: Buckler           |    16 |    32 |    51 |   221 ||   320

Table legend: (Time is in decaauts)
 A = Elapsed time spent in this place.
 B = Non-inter-level travel time spent in this place.
 C = Inter-level travel time spent in this place.
 D = Time resting spent in this place.
 E = Time spent auto-exploring this place.
 F = Levels seen in this place.
 G = Mean time per level.
                   A        B        C        D        E       F      G
               +--------+--------+--------+--------+--------+-----+--------+
         Total |  14156 |  13620 |    536 |   1670 |   7135 |  15 |  943.7 |
       Dungeon |  13400 |  12864 |    536 |   1641 |   6891 |  13 | 1030.8 |
        Temple |     57 |     57 |      0 |      0 |     20 |   1 |   57.0 |
         Sewer |    698 |    698 |      0 |     29 |    224 |   1 |  698.0 |
               +--------+--------+--------+--------+--------+-----+--------+

Top non-repeatable levels by time:
    D:11: 1962 daAuts
    D:12: 1703 daAuts
     D:9: 1624 daAuts
     D:7: 1184 daAuts
     D:8: 1095 daAuts
     D:6: 1018 daAuts
     D:1: 947 daAuts
    D:10: 919 daAuts
     D:4: 860 daAuts
     D:3: 723 daAuts
   Sewer: 698 daAuts
     D:5: 599 daAuts
     D:2: 584 daAuts
    D:13: 177 daAuts
  Temple: 57 daAuts
